 Dungeon Crawl Stone Soup version 0.29-a0-11-ga75d3d97ab (webtiles) character file.

Game seed: 6327186713544559069

27 issech the Cudgeller (level 2, -5/29 HPs)
             Began as a Troll Monk on Jan 28, 2022.
             Slain by a gnoll (12 damage)
             ... on level 2 of the Dungeon.
             The game lasted 00:02:25 (851 turns).

issech the Cudgeller (Troll Monk)                    Turns: 851, Time: 00:02:26

Health: -5/29      AC:  4    Str: 18    XL:     2   Next: 93%
Magic:  10/10      EV: 10    Int:  6    God:
Gold:   71         SH:  0    Dex: 12    Spells: 1/1 levels left

rFire   . . .      SeeInvis .   a - +0 mace
rCold   . . .      Faith    .   (no shield)
rNeg    . . .      Spirit   .   b - +0 robe
rPois   .          Reflect  .   (helmet restricted)
rElec   .          Harm     .   (no cloak)
rCorr   .          Rampage  .   (gloves unavailable)
Will    .....                   (boots unavailable)
Stlth   ++........              (no amulet)
HPRegen 0.89/turn               g - ring of magical power
MPRegen 0.12/turn               (no ring)

@: no status effects
A: large, unfitting armour, claws 3, regeneration 1, shaggy fur 1, tough skin 1
a: no special abilities


You were on level 2 of the Dungeon.
You visited 1 branch of the dungeon, and saw 2 of its levels.

You collected 71 gold pieces.

Inventory:

Hand Weapons
 a - a +0 mace (weapon)
Missiles
 d - 44 arrows
 f - 21 stones (quivered)
 h - 12 bolts
Armour
 b - a +0 robe (worn)
Jewellery
 g - a ring of magical power (left claw)
Potions
 c - a potion of cancellation {unknown}
 e - a potion of might {unknown}


   Skills:
 + Level 2.8 Fighting
 + Level 3.0 Maces & Flails
 + Level 2.7 Dodging
 + Level 1.1 Stealth


You had one spell level left.
You didn't know any spells.
Your spell library was empty.

Dungeon Overview and Level Annotations

Branches:
Dungeon (2/15)

Altars:


Innate Abilities, Weirdness & Mutations

You are too large for most types of armour.
You have claws for hands.
Your natural rate of healing is unusually fast.
You are covered in fur. (AC +1)
You have tough skin. (AC +1)


Message History

A jackal comes into view.
The goblin hits you with a +0 dagger.
An endoplasm comes into view.
A jackal comes into view.
The jackal bites you but does no damage.
You closely miss the jackal. The gnoll barely misses you.
The goblin hits you with a +0 dagger.
The jackal bites you but does no damage.
The goblin barely misses you.
The gnoll hits you from afar with a +0 halberd.
The jackal closely misses you.
You hit the jackal.
The jackal is severely wounded.
The jackal bites you but does no damage.
The goblin closely misses you. The gnoll closely misses you.
You hit the jackal.
You kill the jackal!
The jackal bites you. The goblin hits you with a +0 dagger.
* * * LOW HITPOINT WARNING * * *
The gnoll hits you from afar with a +0 halberd.
* * * LOW HITPOINT WARNING * * *
You hit the jackal.
The jackal is severely wounded.
The gnoll barely misses you. The goblin barely misses you.
A rat comes into view.
You hit the jackal but do no damage.
The jackal bites you but does no damage.
The gnoll completely misses you. The goblin misses you.
The jackal completely misses you. The gnoll hits you but does no damage.
The goblin closely misses you.
You hit the jackal.
The jackal is severely wounded.
The jackal stops to sniff the ground.
The jackal bites you but does no damage.
The goblin barely misses you. The gnoll closely misses you.
The jackal bites you but does no damage.
You barely miss the jackal.
The jackal is severely wounded.
The jackal closely misses you.
The gnoll hits you from afar with a +0 halberd!
You die...

. .. .. ..#######
.:. .....)..# ...
.....?..# r.
!.......# ####h#
.<......######g@hh#
..........gggg.####
.......<.#######
........##
........# ........#
#########


You could see 4 gnolls, 3 jackals, a goblin and a rat.

Vanquished Creatures
  A worm (D:2)
  A ball python (D:1)
  4 endoplasms (D:1)
  4 goblins
  A hobgoblin (D:1)
  A jackal (D:2)
  3 kobolds
  A quokka (D:1)
  A bat (D:1)
  2 frilled lizards (D:1)
  A rat (D:1)
20 creatures vanquished.

Notes
Turn   | Place    | Note
-------+----------+-------------------------------------------
     0 | D:1      | issech the Troll Monk began the quest for the Orb.
     0 | D:1      | Reached XP level 1. HP: 22/22 MP: 0/0
   197 | D:1      | You fall into a shaft and drop 1 floor!
   220 | D:1      | Reached XP level 2. HP: 23/29 MP: 1/1
   699 | D:1      | Reached skill level 3 in Maces & Flails
   717 | D:1      | Found a faded altar of an unknown god.
   851 | D:2      | Slain by a gnoll

Illustrated notes

Levels and vault maps discovered:
D:1:      wander_arrival_lonely_grave, layout_loops_ring,
          hellmonk_ecumenical_altar_inner_sanctum
D:2:      layout_rooms, minmay_pentomino_t2

Skill      XL: |  1  2 |
---------------+-------+-----
Maces & Flails | 3 |  3.0
Fighting       | |  2.8
Dodging        | |  2.7
Stealth        | |  1.1

Action                   || total
-------------------------++-------
Melee: Mace              ||    82
 Stab: Sleeping          ||     2
Armor: Robe              ||    43
Dodge: Dodged            ||    53

Table legend: (Time is in decaauts)
 A = Elapsed time spent in this place.
 B = Non-inter-level travel time spent in this place.
 C = Inter-level travel time spent in this place.
 D = Time resting spent in this place.
 E = Time spent auto-exploring this place.
 F = Levels seen in this place.
 G = Mean time per level.
                   A        B        C        D        E       F      G
               +--------+--------+--------+--------+--------+-----+--------+
         Total |    871 |    829 |     42 |      0 |    462 |   2 |  435.5 |
       Dungeon |    871 |    829 |     42 |      0 |    462 |   2 |  435.5 |
               +--------+--------+--------+--------+--------+-----+--------+

Top non-repeatable levels by time:
     D:1: 811 daAuts
     D:2: 59 daAuts
